| TOP OF THE 1ST |
|
Johnson City Cardinals batting - Pitching for San Diego (APP) Padres : LHP David French
|
|
Pitching: LHP David French
|
|
|
Batting: RHB Robby Hickman
|
0-0: Ball 1-0: Ball 2-0: Called Strike 2-1: Fly out, F4 (Popup, 3S, EV 77.5 MPH)
|
|
Batting: LHB Billy Lang
|
0-0: Ball 1-0: Ball 2-0: Called Strike 2-1: Fly out, F8 (Line Drive, 8RM, EV 101.9 MPH)
|
|
Batting: RHB Adam Hudson
|
0-0: Ball 1-0: Foul Ball, location: 2F 1-1: Swinging Strike 1-2: Strikes out looking
|
| Top of the 1st over - 0 runs, 0 hits, 0 errors, 0 left on base; Johnson City 0 - San Diego (APP) 0 |
| BOTTOM OF THE 1ST |
|
San Diego (APP) Padres batting - Pitching for Johnson City Cardinals : RHP Mario Machado
|
|
Pitching: RHP Mario Machado
|
|
|
Batting: RHB Elias Vences
|
0-0: Called Strike 0-1: Ball 1-1: Foul Ball, location: 2F 1-2: Foul Ball, location: 2F 1-2: Ground out 6-3 (Groundball, 6, EV 78.8 MPH)
|
|
Batting: RHB Adrian Cook
|
0-0: Fly out, F9 (Flyball, 9, EV 90.0 MPH)
|
|
Batting: LHB Carlos Cuellar
|
0-0: Foul Ball, location: 2F 0-1: Ground out 4-3 (Groundball, 4, EV 104.4 MPH)
|
| Bottom of the 1st over - 0 runs, 0 hits, 0 errors, 0 left on base; Johnson City 0 - San Diego (APP) 0 |
| TOP OF THE 2ND |
|
Johnson City Cardinals batting - Pitching for San Diego (APP) Padres : LHP David French
|
|
Batting: RHB Tim Williams
|
0-0: Ball 1-0: Ball 2-0: Called Strike 2-1: Foul Ball, location: 2F 2-2: Ground out 5-3 (Groundball, 56S, EV 91.2 MPH)
|
|
Batting: SHB Justin Houser
|
0-0: Ball 1-0: Ball 2-0: Swinging Strike 2-1: Called Strike 2-2: Foul Ball, location: 2F 2-2: Ball 3-2: Strikes out swinging
|
|
Batting: RHB Alex Melgoza
|
0-0: Ball 1-0: Called Strike 1-1: Ball 2-1: Foul Ball, location: 2F 2-2: Fly out, F7 (Flyball, 7LM, EV 88.8 MPH)
|
| Top of the 2nd over - 0 runs, 0 hits, 0 errors, 0 left on base; Johnson City 0 - San Diego (APP) 0 |
| BOTTOM OF THE 2ND |
|
San Diego (APP) Padres batting - Pitching for Johnson City Cardinals : RHP Mario Machado
|
|
Batting: RHB Bryan Pitcher
|
0-0: Ground out U3 (Groundball, 3, EV 81.2 MPH)
|
|
Batting: SHB Isaiah Scates
|
0-0: Foul Ball, location: 2F 0-1: Ball 1-1: Foul Ball, location: 2F 1-2: DOUBLE (Flyball, 8LXD, EV 96.9 MPH)
|
|
Batting: RHB Ricardo Ortiz
|
0-0: Ball 1-0: Ground out 6-3 (Groundball, 56, EV 104.4 MPH)
|
|
Batting: RHB Brian Klinkner
|
0-0: Swinging Strike 0-1: Foul Ball, location: 2F 0-2: Ball 1-2: Ball 2-2: Strikes out swinging
|
| Bottom of the 2nd over - 0 runs, 1 hit, 0 errors, 1 left on base; Johnson City 0 - San Diego (APP) 0 |
| TOP OF THE 3RD |
|
Johnson City Cardinals batting - Pitching for San Diego (APP) Padres : LHP David French
|
|
Batting: RHB Kyle Burns
|
0-0: Called Strike 0-1: Ball 1-1: Called Strike 1-2: Ball 2-2: Strikes out swinging
|
|
Batting: RHB Geoff Musico
|
0-0: Ball 1-0: Ball 2-0: Ball 3-0: Called Strike 3-1: Fly out, F8 (Flyball, 8LXD, EV 104.4 MPH)
|
|
Batting: RHB Edgar Klockow
|
0-0: Ball 1-0: Swinging Strike 1-1: Foul Ball, location: 2F 1-2: Strikes out swinging
|
| Top of the 3rd over - 0 runs, 0 hits, 0 errors, 0 left on base; Johnson City 0 - San Diego (APP) 0 |
| BOTTOM OF THE 3RD |
|
San Diego (APP) Padres batting - Pitching for Johnson City Cardinals : RHP Mario Machado
|
|
Batting: RHB Ed Oake
|
0-0: Swinging Strike 0-1: Ball 1-1: Foul Ball, location: 2F 1-2: Foul Ball, location: 2F 1-2: Foul Ball, location: 2F 1-2: Foul Ball, location: 2F 1-2: Ball 2-2: SINGLE (Groundball, 5S, EV 76.2 MPH) (infield hit)
|
|
Batting: RHB Hugo Montemayor
|
0-0: Ball 1-0: Swinging Strike 1-1: Ball 2-1: Called Strike 2-2: Fly out, F7 (Flyball, 7, EV 89.4 MPH)
|
|
Batting: RHB Elias Vences
|
0-0: Swinging Strike 0-1: Ball 1-1: Ball Wild Pitch! Ed Oake to second 2-1: Foul Ball, location: 2F 2-2: Foul Ball, location: 2F 2-2: Ball 3-2: SINGLE (Groundball, 56S, EV 94.4 MPH) Ed Oake to third Runner from 3rd tries for Home, SAFE, throw by LF to home
|
|
Batting: RHB Adrian Cook
|
0-0: Ball 1-0: Ball 2-0: Ball 3-0: Called Strike 3-1: Foul Ball, location: 2F 3-2: Base on Balls Elias Vences to second
|
|
Batting: LHB Carlos Cuellar
|
0-0: Ball Elias Vences steals 3rd, throwing error, E2 Elias Vences scores Adrian Cook to third 1-0: Swinging Strike 1-1: Foul Ball, location: 2F 1-2: Strikes out swinging
|
|
Batting: RHB Bryan Pitcher
|
0-0: Ball 1-0: Ball 2-0: Ball 3-0: Base on Balls
|
|
Batting: SHB Isaiah Scates
|
0-0: Ball 1-0: Ball 2-0: Ball 3-0: Base on Balls Bryan Pitcher to second
|
|
Pitching: RHP Kiyoyuki Abe
|
|
|
Batting: RHB Ricardo Ortiz
|
0-0: Ball 1-0: Called Strike 1-1: Ball 2-1: Fielders Choice at 2nd, 6-4 (Groundball, 6, EV 76.9 MPH)
|
| Bottom of the 3rd over - 2 runs, 2 hits, 1 error, 3 left on base; Johnson City 0 - San Diego (APP) 2 |
| TOP OF THE 4TH |
|
Johnson City Cardinals batting - Pitching for San Diego (APP) Padres : LHP David French
|
|
Batting: RHB Robby Hickman
|
0-0: Foul Ball, location: 2F 0-1: Ball 1-1: Swinging Strike 1-2: Ground out 5-3 (Groundball, 56, EV 103.8 MPH)
|
|
Batting: LHB Billy Lang
|
0-0: Ball 1-0: Called Strike 1-1: Ball 2-1: Foul Ball, location: 2F 2-2: Strikes out swinging
|
|
Batting: RHB Adam Hudson
|
0-0: Called Strike 0-1: Ball 1-1: Called Strike 1-2: Foul Ball, location: 2F 1-2: Strikes out swinging
|
| Top of the 4th over - 0 runs, 0 hits, 0 errors, 0 left on base; Johnson City 0 - San Diego (APP) 2 |
| BOTTOM OF THE 4TH |
|
San Diego (APP) Padres batting - Pitching for Johnson City Cardinals : RHP Kiyoyuki Abe
|
|
Batting: RHB Brian Klinkner
|
0-0: Foul Ball, location: 2F 0-1: Swinging Strike 0-2: Ball 1-2: SOLO HOME RUN (Flyball, 9D, EV 99.4 MPH), Distance : 386 ft
|
|
Batting: RHB Ed Oake
|
0-0: Ball 1-0: Ball 2-0: Ball 3-0: Called Strike 3-1: Base on Balls
|
|
Batting: RHB Hugo Montemayor
|
0-0: Ball 1-0: DOUBLE (Line Drive, 3D, EV 104.4 MPH) Ed Oake to third
|
|
Batting: RHB Elias Vences
|
0-0: Ball 1-0: Called Strike 1-1: Ball 2-1: Ball 3-1: Base on Balls
|
|
Pitching: RHP Daniel Boulter
|
|
|
Batting: RHB Adrian Cook
|
0-0: Ball 1-0: Fly out, F3 (Line Drive, 3, EV 74.4 MPH) Lined into DP, U3 (Line Drive, 3, EV 68.8 MPH)
|
|
Batting: LHB Carlos Cuellar
|
0-0: Ball 1-0: Ball 2-0: Ball 3-0: Called Strike 3-1: Called Strike 3-2: Foul Ball, location: 2F 3-2: Base on Balls
|
|
Batting: RHB Bryan Pitcher
|
0-0: Called Strike 0-1: Ball 1-1: Foul Ball, location: 2F 1-2: Ball 2-2: Foul Ball, location: 2F 2-2: Ball 3-2: Foul Ball, location: 2F 3-2: Base on Balls Ed Oake scores Hugo Montemayor to third Carlos Cuellar to second
|
|
Batting: SHB Isaiah Scates
|
0-0: Foul Ball, location: 2F 0-1: Ball 1-1: GRAND SLAM HOME RUN (Flyball, 9D, EV 96.9 MPH), Distance : 378 ft
|
|
Pitching: RHP Francisco Galindo
|
|
|
Batting: RHB Ricardo Ortiz
|
0-0: Foul Ball, location: 2F 0-1: Swinging Strike 0-2: Strikes out looking
|
| Bottom of the 4th over - 6 runs, 3 hits, 0 errors, 0 left on base; Johnson City 0 - San Diego (APP) 8 |
| TOP OF THE 5TH |
|
Johnson City Cardinals batting - Pitching for San Diego (APP) Padres : LHP David French
|
|
Batting: RHB Tim Williams
|
0-0: Called Strike 0-1: Ball 1-1: Swinging Strike 1-2: Strikes out swinging
|
|
Batting: SHB Justin Houser
|
0-0: Called Strike 0-1: Ball 1-1: Swinging Strike 1-2: Strikes out swinging
|
|
Batting: RHB Alex Melgoza
|
0-0: Called Strike 0-1: SINGLE (Line Drive, 34D, EV 98.8 MPH)
|
|
Batting: RHB Kyle Burns
|
0-0: Called Strike 0-1: Ball 1-1: Swinging Strike 1-2: Ball 2-2: Strikes out swinging
|
| Top of the 5th over - 0 runs, 1 hit, 0 errors, 1 left on base; Johnson City 0 - San Diego (APP) 8 |
| BOTTOM OF THE 5TH |
|
San Diego (APP) Padres batting - Pitching for Johnson City Cardinals : RHP Francisco Galindo
|
|
Batting: RHB Brian Klinkner
|
0-0: Fly out, F5 (Line Drive, 5, EV 66.9 MPH)
|
|
Batting: RHB Ed Oake
|
0-0: Called Strike 0-1: Ground out 6-3 (Groundball, 6, EV 108.8 MPH)
|
|
Batting: RHB Hugo Montemayor
|
0-0: Fly out, F8 (Line Drive, 8LM, EV 88.1 MPH)
|
| Bottom of the 5th over - 0 runs, 0 hits, 0 errors, 0 left on base; Johnson City 0 - San Diego (APP) 8 |
| TOP OF THE 6TH |
|
Johnson City Cardinals batting - Pitching for San Diego (APP) Padres : LHP David French
|
|
Batting: RHB Geoff Musico
|
0-0: Ball 1-0: Called Strike 1-1: Ball 2-1: Called Strike 2-2: Foul Ball, location: 2F 2-2: Ball 3-2: Base on Balls
|
|
Pitching: RHP Mike Swenson
|
|
|
Batting: RHB Edgar Klockow
|
0-0: Hit by Pitch Geoff Musico to second
|
|
Batting: RHB Robby Hickman
|
0-0: Foul Ball, location: 2F 0-1: Ball 1-1: Swinging Strike 1-2: Strikes out swinging
|
|
Batting: LHB Billy Lang
|
0-0: Called Strike 0-1: Ball 1-1: Ball 2-1: Ball 3-1: Fly out, F8 (Line Drive, 8LM, EV 93.8 MPH)
|
|
Batting: RHB Adam Hudson
|
0-0: Foul Ball, location: 2F 0-1: Foul Ball, location: 2F 0-2: Ball 1-2: Ground out 6-3 (Groundball, 6S, EV 83.8 MPH)
|
| Top of the 6th over - 0 runs, 0 hits, 0 errors, 2 left on base; Johnson City 0 - San Diego (APP) 8 |
| BOTTOM OF THE 6TH |
|
San Diego (APP) Padres batting - Pitching for Johnson City Cardinals : RHP Francisco Galindo
|
|
Batting: RHB Elias Vences
|
0-0: Ball 1-0: Ball 2-0: Swinging Strike 2-1: Ball 3-1: Base on Balls
|
|
Batting: RHB Adrian Cook
|
0-0: Called Strike Elias Vences steals 2nd base (no throw) 0-1: Ball 1-1: Ball 2-1: Ball 3-1: Base on Balls
|
|
Batting: LHB Carlos Cuellar
|
0-0: SINGLE (Groundball, 56D, EV 103.1 MPH) Elias Vences to third Adrian Cook to second Runner from 3rd tries for Home, SAFE, throw by LF to home
|
|
Pitching: LHP Heriberto Flores
|
|
|
Batting: RHB Bryan Pitcher
|
0-0: Ball 1-0: Swinging Strike 1-1: Swinging Strike 1-2: Ball 2-2: Ball 3-2: Base on Balls Adrian Cook to third Carlos Cuellar to second
|
|
Batting: SHB Isaiah Scates
|
0-0: Foul Ball, location: 2F 0-1: Called Strike 0-2: Ball 1-2: Ball 2-2: Reached on error, E5 (Groundball, 5, EV 83.8 MPH) Adrian Cook scores Carlos Cuellar to third Bryan Pitcher to second
|
|
Batting: RHB Ricardo Ortiz
|
0-0: Called Strike 0-1: Called Strike 0-2: Ball 1-2: Ground out 5-3 (Groundball, 56S, EV 73.1 MPH) Carlos Cuellar scores Bryan Pitcher to third Isaiah Scates to second
|
|
Batting: RHB Brian Klinkner
|
0-0: Called Strike 0-1: Ball 1-1: Ball 2-1: Ball 3-1: Ground out 6-3 (Groundball, 6, EV 86.9 MPH) Bryan Pitcher scores
|
|
Pitching: RHP Emmanuel Godfrey
|
|
|
Batting: RHB Ed Oake
|
0-0: Called Strike 0-1: Called Strike 0-2: Ball 1-2: Ball 2-2: Ball 3-2: Strikes out looking
|
| Bottom of the 6th over - 4 runs, 1 hit, 1 error, 1 left on base; Johnson City 0 - San Diego (APP) 12 |
| TOP OF THE 7TH |
|
Johnson City Cardinals batting - Pitching for San Diego (APP) Padres : RHP Mike Swenson
|
|
Batting: RHB Tim Williams
|
0-0: Ball 1-0: Called Strike 1-1: Fly out, F5 (Popup, 5SF, EV 68.8 MPH)
|
|
Batting: SHB Justin Houser
|
0-0: Foul Ball, location: 2F 0-1: Called Strike 0-2: Ball 1-2: Foul Ball, location: 2F 1-2: Strikes out looking
|
|
Batting: RHB Alex Melgoza
|
0-0: Ball 1-0: Called Strike 1-1: Swinging Strike 1-2: Ball 2-2: Ball 3-2: Foul Ball, location: 2F 3-2: Foul Ball, location: 2F 3-2: Foul Ball, location: 2F 3-2: Strikes out looking
|
| Top of the 7th over - 0 runs, 0 hits, 0 errors, 0 left on base; Johnson City 0 - San Diego (APP) 12 |
| BOTTOM OF THE 7TH |
|
San Diego (APP) Padres batting - Pitching for Johnson City Cardinals : RHP Emmanuel Godfrey
|
|
Batting: RHB Hugo Montemayor
|
0-0: Called Strike 0-1: Fly out, F5 (Popup, 25F, EV 78.8 MPH)
|
|
Batting: RHB Elias Vences
|
0-0: Ball 1-0: Swinging Strike 1-1: Ball 2-1: Ball 3-1: Base on Balls
|
|
Batting: RHB Adrian Cook
|
0-0: Ball 1-0: DOUBLE (Groundball, 5L, EV 96.9 MPH) Elias Vences to third
|
|
Batting: LHB Carlos Cuellar
|
0-0: Called Strike 0-1: Called Strike 0-2: Ball 1-2: Fly out, F7 (Flyball, 78M, EV 91.9 MPH)
|
|
Pitching: LHP Craig Soole
|
|
|
Batting: RHB Bryan Pitcher
|
0-0: Called Strike 0-1: Ball 1-1: 3-RUN HOME RUN (Flyball, 89XD, EV 102.5 MPH), Distance : 411 ft
|
|
Batting: SHB Isaiah Scates
|
0-0: Ball 1-0: Swinging Strike 1-1: Fly out, F7 (Flyball, 7LS, EV 87.5 MPH)
|
| Bottom of the 7th over - 3 runs, 2 hits, 0 errors, 0 left on base; Johnson City 0 - San Diego (APP) 15 |
| TOP OF THE 8TH |
|
Johnson City Cardinals batting - Pitching for San Diego (APP) Padres : RHP Mike Swenson
|
|
Batting: RHB Kyle Burns
|
0-0: Foul Ball, location: 2F 0-1: Ball 1-1: Called Strike 1-2: Fly out, F9 (Flyball, 89M, EV 82.5 MPH)
|
|
Batting: RHB Geoff Musico
|
0-0: Foul Ball, location: 2F 0-1: Called Strike 0-2: Ball 1-2: Ball 2-2: Strikes out swinging
|
|
Batting: RHB Edgar Klockow
|
0-0: Ball 1-0: Foul Ball, location: 2F 1-1: Hit by Pitch
|
|
Batting: RHB Robby Hickman
|
0-0: Swinging Strike 0-1: Foul Ball, location: 2F 0-2: Ground out 4-3 (Groundball, 4S, EV 85.0 MPH)
|
| Top of the 8th over - 0 runs, 0 hits, 0 errors, 1 left on base; Johnson City 0 - San Diego (APP) 15 |
| BOTTOM OF THE 8TH |
|
San Diego (APP) Padres batting - Pitching for Johnson City Cardinals : LHP Craig Soole
|
|
Batting: RHB Ricardo Ortiz
|
0-0: Swinging Strike 0-1: Ball 1-1: Ball 2-1: Called Strike 2-2: Strikes out swinging
|
|
Batting: RHB Brian Klinkner
|
0-0: Ball 1-0: Foul Ball, location: 2F 1-1: Ground out 1-3 (Groundball, 34S, EV 65.6 MPH)
|
|
Batting: RHB Ed Oake
|
0-0: Ball 1-0: Ground out 1-3 (Groundball, 15, EV 71.2 MPH)
|
| Bottom of the 8th over - 0 runs, 0 hits, 0 errors, 0 left on base; Johnson City 0 - San Diego (APP) 15 |
| TOP OF THE 9TH |
|
Johnson City Cardinals batting - Pitching for San Diego (APP) Padres : RHP Mike Swenson
|
|
Pitching: LHP Ismael Diaz
|
|
|
Batting: LHB Billy Lang
|
0-0: Ground out 6-3 (Groundball, 6M, EV 88.8 MPH)
|
|
DELAY
|
Rain delay of 18 minutes in the 9th inning.
|
|
Batting: RHB Adam Hudson
|
0-0: Ball 1-0: Called Strike 1-1: Foul Ball, location: 2F 1-2: Fly out, F8 (Flyball, 8LS, EV 86.2 MPH)
|
|
Batting: RHB Tim Williams
|
0-0: Foul Ball, location: 2F 0-1: Ball 1-1: Called Strike 1-2: Fly out, F7 (Flyball, 7D, EV 98.1 MPH)
|
| Top of the 9th over - 0 runs, 0 hits, 0 errors, 0 left on base; Johnson City 0 - San Diego (APP) 15 |
|